[Event "GrandPrix_29.05"]
[Site "Chess.com"]
[Date "2020.05.29"]
[Round "8"]
[White "WildBizon"]
[Black "Mesropov_Konstantin"]
[Result "0-1"]
[WhiteElo "2120"]
[BlackElo "2357"]
[TimeControl "600+2"]
[EndTime "12:54:46 PDT"]
[Termination "Mesropov_Konstantin won by resignation"]

1. e4 e6 2. d4 d5 3. Nc3 h6 4. exd5 exd5 5. Bd3 Nf6 6. h3 Bd6 7. Nge2 O-O 8. O-O Nc6 9. a3 a6 10. Be3 Ne7 11. Ng3 c5 12. Qf3 Bxg3 13. fxg3 c4 14. Be2 Bf5 15. g4 Bxc2 16. Bxh6 Ne4 17. Be3 Qb6 18. Nd1 f5 19. Rc1 Bd3 20. Bxd3 cxd3 21. g5 f4 22. Bf2 d2 23. Rc2 Qg6 24. Rc7 Qxg5 25. Nc3 Rae8 26. Rxb7 Ng6 27. Kh2 Nxf2 28. Rxf2 Qg3+ 29. Qxg3 fxg3+ 30. Kxg3 Re3+ 31. Rf3 Rfxf3+ 32. gxf3 Rxc3 0-1

[Event "GrandPrix_29.05"]
[Site "Chess.com"]
[Date "2020.05.29"]
[Round "8"]
[White "kirillshevchenko"]
[Black "OK97"]
[Result "1-0"]
[WhiteElo "2750"]
[BlackElo "2516"]
[TimeControl "600+2"]
[EndTime "12:55:16 PDT"]
[Termination "kirillshevchenko won by resignation"]

1. e4 c5 2. Nf3 d6 3. d4 cxd4 4.
Nxd4 Nf6 5. Nc3 Nc6 6. Bg5 e6 7. Qd3 a6 8. Nxc6 bxc6 9. O-O-O Be7 10. Bxf6 gxf6 11. f4 Qc7 12. f5 d5 13. Be2 Bb7 14. Bh5 Qf4+ 15. Kb1 Qg5 16. Qh3 e5 17.
exd5 Rd8 18. d6 Bf8 19. Ne4 Qh6 20. Qb3 Rd7 21. Bxf7+ 1-0

[Event "GrandPrix_29.05"]
[Site "Chess.com"]
[Date "2020.05.29"]
[Round "8"]
[White "RovenVogel"]
[Black "Salnaa"]
[Result "1-0"]
[WhiteElo "2308"]
[BlackElo "2165"]
[TimeControl "600+2"]
[EndTime "12:55:53 PDT"]
[Termination "RovenVogel won by resignation"]

1. d4 d5 2. c4 c6 3. Nc3 Nf6 4. cxd5 cxd5 5. Bf4 Nc6 6. e3 a6 7. Bd3 Bg4 8. Nge2 Bxe2 9. Qxe2 e6 10. O-O Bd6 11.
Bg5 h6 12. Bh4 O-O 13. Rac1 Rc8 14. Bb1 b5 15. Qd3 Nb4 16. Qe2 Be7 17. a3 Nc6 18.
Qd3 Re8 19. Bxf6 Bxf6 20. Qh7+ Kf8 21. Ne2 Ke7 22. Rc5 Na5 23. Rfc1 Rxc5 24. Rxc5 Nb7 25. Rc6 Qd7 26. Qc2 Kd8 27. Rxa6 Nd6 28. Qc5 Be7 29. Ra7 Nb7 30. Ra8+ 1-0

[Event "GrandPrix_29.05"]
[Site "Chess.com"]
[Date "2020.05.29"]
[Round "8"]
[White "WoodlandMagic"]
[Black "jacky72"]
[Result "0-1"]
[WhiteElo "2070"]
[BlackElo "2206"]
[TimeControl "600+2"]
[EndTime "12:55:59 PDT"]
[Termination "jacky72 won by resignation"]

1. d4 Nf6 2. c4 g6 3. Nc3 Bg7 4. e4 O-O 5. Be2 d6 6. Be3 Na6 7. h4 c5 8. d5 e6 9. g4 exd5 10. cxd5 b5 11. f3 b4 12. Na4 Nc7 13. Rc1 Re8 14. Qd2 Bxg4 15. fxg4 Nxe4 16. Qd3 Qd7 17. b3 Re7 18. Rh3 Rae8 19. Kf1 f5 20. gxf5 Qxf5+ 21. Kg2 Nc3 22. Qxf5 gxf5 23. Nxc3 bxc3 24. Bh5 Rxe3 25.
Bxe8 Rxe8 26. Rd3 Bd4 27. Nf3 Nxd5 28. Rxd4 cxd4 29. Nxd4 f4 30. Nf5 Ne3+ 31. Nxe3 Rxe3 0-1

[Event "GrandPrix_29.05"]
[Site "Chess.com"]
[Date "2020.05.29"]
[Round "8"]
[White "viktorko131"]
[Black "guylevin1"]
[Result "0-1"]
[WhiteElo "2147"]
[BlackElo "2118"]
[TimeControl "600+2"]
[EndTime "12:56:05 PDT"]
[Termination "guylevin1 won on time"]

1. e4 c5 2. Nf3 d6 3. d4 cxd4 4. Nxd4 Nf6 5. Nc3 a6 6. Be3 e5 7. Nb3 Be7 8. Qd2 O-O 9. O-O-O Be6 10. f4 Ng4 11. g3 Nd7 12. Bg1 b5 13. Nd5 Bxd5 14.
Qxd5 Qc7 15. Qd2 Ngf6 16. Qg2 a5 17. Bxb5 a4 18. Nd2 a3 19. Nb3 axb2+ 20. Kxb2 Rfb8 21. a4 Nc5 22. Bxc5 dxc5 23. Qe2 exf4 24. gxf4 Qxf4 25. e5 Ne4 26. Rhe1 Qxe5+ 27. Kc1 Bg5+ 28. Kb1 Nc3+ 0-1

[Event "GrandPrix_29.05"]
[Site "Chess.com"]
[Date "2020.05.29"]
[Round "8"]
[White "Vnebo"]
[Black "Frozygul"]
[Result "1/2-1/2"]
[WhiteElo "2058"]
[BlackElo "2122"]
[TimeControl "600+2"]
[EndTime "12:56:06 PDT"]
[Termination "Game drawn by agreement"]

1. e4 Nf6 2. e5 Nd5 3. d4 d6 4.
Nf3 dxe5 5. Nxe5 c6 6. h3 g6 7.
c4 Nb4 8. Nf3 Bf5 9. Na3 Bg7 10.
Be3 O-O 11. Be2 c5 12. Qd2 N8c6 13. d5 Qa5 14. O-O Ne5 15. Nxe5 Bxe5 16. Nb5 a6 17. Bxc5 axb5 18. Bxb4 Qc7 19. c5 Bh2+ 20. Kh1 Bf4 21. Qc3 Be5 22. Qb3 Bd4 23. Rac1 Qf4 24. a3 Be4 25. Rcd1 Be5 26. Qg3 Qxg3 27. fxg3 Bxb2 28. Bf3 Bxf3 29. Rxf3 Rfd8 30. d6 exd6 31. cxd6 Rd7 32. Rb3 Be5 33. Rd5 f6 34. Rxb5 Rc8 35. Rc5 Rxc5 36. Bxc5 Kf7 37. g4 Ke6 38. Rb6 Kd5 1/2-1/2

[Event "GrandPrix_29.05"]
[Site "Chess.com"]
[Date "2020.05.29"]
[Round "8"]
[White "Rikikits"]
[Black "Igor_Lysyj"]
[Result "1/2-1/2"]
[WhiteElo "2730"]
[BlackElo "2650"]
[TimeControl "600+2"]
[EndTime "12:56:10 PDT"]
[Termination "Game drawn by repetition"]

1. e4 e5 2. Nf3 Nc6 3. Bb5 Nf6 4. O-O Nxe4 5. Re1 Nd6 6. Nxe5 Be7 7. Bf1 Nxe5 8.
Rxe5 O-O 9. d4 Ne8 10. Nc3 Bf6 11.
Re2 d5 12. Bf4 c6 13. Be5 Bg4 14. f3 Bf5 15. Qd2 Nc7 16. Rae1 Bg6 17. Nd1 Ne6 18.
Bxf6 Qxf6 19. Re5 Qf4 20. Qxf4 Nxf4 21. g3 Ne6 22. c3 Rfe8 23. Kf2 Kf8 24. h4 h6 25. Bh3 Nc7 26. Rxe8+ Rxe8 27. Rxe8+ Nxe8 28. Ne3 Nd6 29. Ke1 Bb1 30. a3 g5 31. hxg5 hxg5 32. Bf1 Ke7 33. Kd2 Bf5 34. Bd3 Bxd3 35. Kxd3 f5 36. b3 Ke6 37. c4 f4 38. cxd5+ cxd5 39.
gxf4 gxf4 40. Nd1 Nf5 41. Nc3 Nh4 42. Ke2 Nf5 43. Kd3 Nh4 44. Ke2 Nf5 45. Kd3 1/2-1/2

[Event "GrandPrix_29.05"]
[Site "Chess.com"]
[Date "2020.05.29"]
[Round "8"]
[White "dosto07"]
[Black "gummigisla"]
[Result "0-1"]
[WhiteElo "1859"]
[BlackElo "2011"]
[TimeControl "600+2"]
[EndTime "12:56:14 PDT"]
[Termination "gummigisla won by checkmate"]

1. e4 g6 2. d4 Bg7 3. Nc3 a6 4. a4 b6 5. Nf3 Bb7 6. Bc4 e6 7. Bg5 Ne7 8. Qd2 h6 9. Bh4 d6 10. O-O Nd7 11. Rad1 g5 12. Bg3 Ng6 13. h3 Nf6 14. e5 Nh5 15. exd6 cxd6 16. d5 e5 17. Bd3 Ngf4 18. Bxf4 Nxf4 19. Bf5 Bc8 20. Bxc8 Rxc8 21. Ne2 O-O 22. Nxf4 gxf4 23. c3 f5 24. Qe2 a5 25.
Kh2 e4 26. Nd4 f3 27. Qe3 Be5+ 28. g3 Qf6 29. Nc6 h5 30. Rg1 Kh7 31. Qxb6 Rf7 32.
Nxe5 Qxe5 33. Qd4 Qxd4 34. Rxd4 Rb8 35. Rd2 Kg6 36. g4 hxg4 37. hxg4 Rh7+ 38. Kg3 Kg5 39. gxf5 Rg8 40. f6 Kf5# 0-1

[Event "GrandPrix_29.05"]
[Site "Chess.com"]
[Date "2020.05.29"]
[Round "8"]
[White "BairaKovanova"]
[Black "fm_magua"]
[Result "0-1"]
[WhiteElo "2073"]
[BlackElo "1867"]
[TimeControl "600+2"]
[EndTime "12:56:15 PDT"]
[Termination "fm_magua won by resignation"]

1. e4 c5 2. Nf3 Nc6 3. Nc3 Nf6 4. g3 g6 5. Bg2 Bg7 6. d3 O-O 7. Be3 d6 8. h3 Rb8 9. Qd2 b5 10. O-O b4 11. Nd1 e5 12. Bh6 Nd4 13. Bxg7 Nxf3+ 14. Bxf3 Kxg7 15. Bg2 Ne8 16. Ne3 Nc7 17. f4 f6 18. h4 Nb5 19. f5 Nd4 20. Ng4 gxf5 21. exf5 Bxf5 22. Qh6+ Kh8 23. Ne3 Be6 24. Rf2 Qe7 25.
Raf1 Qg7 26. Rxf6 Rxf6 27. Qxf6 Qxf6 28. Rxf6 Kg7 29. Rf1 Rf8 30. Rxf8 Kxf8 31. a3 b3 32. c3 Ne2+ 33. Kf2 Nxc3 34. Ke1 Na4 35. Nd1 Bg4 36. Bd5 Bxd1 37. Kxd1 Nxb2+ 38. Kd2 Na4 39. Bxb3 Nb6 40. a4 a5 41. Ke3 d5 42. Bd1 Ke7 43. Kf3 Kf6 44.
Kg4 c4 45. dxc4 Nxc4 46. Kh5 e4 47. g4 Kg7 48. g5 d4 49. Kg4 Ne3+ 0-1

[Event "GrandPrix_29.05"]
[Site "Chess.com"]
[Date "2020.05.29"]
[Round "8"]
[White "Yaroslav_Remizov"]
[Black "Shahinyan_ChessMood"]
[Result "0-1"]
[WhiteElo "2174"]
[BlackElo "2386"]
[TimeControl "600+2"]
[EndTime "12:56:43 PDT"]
[Termination "Shahinyan_ChessMood won by checkmate"]

1. e4 e6 2. d4 d5 3. Nc3 Bb4 4. e5 c5 5. a3 Bxc3+ 6. bxc3 Qc7 7. Qg4 f5 8. exf6 Nxf6 9. Qg3 Qa5 10. Bd2 O-O 11.
f3 Nc6 12. Nh3 Qb6 13. dxc5 Qb2 14. Rd1 Qxa3 15. Bd3 Qxc5 16. Ke2 e5 17. Bh6 Rf7 18. Be3 Qxc3 19. Ng5 e4 20. Nxf7 exd3+ 21. cxd3 Kxf7 22. Qc7+ Kg8 23. Rc1 Qb2+ 24. Bd2 Bf5 25. Rhd1 Re8+ 26. Kf2 Qd4+ 27. Kg3 Nh5# 0-1

[Event "GrandPrix_29.05"]
[Site "Chess.com"]
[Date "2020.05.29"]
[Round "8"]
[White "Nikithebest"]
[Black "kostasam18"]
[Result "0-1"]
[WhiteElo "2117"]
[BlackElo "2075"]
[TimeControl "600+2"]
[EndTime "12:56:43 PDT"]
[Termination "kostasam18 won by resignation"]

1. d4 Nf6 2. Nf3 d5 3. e3 c5 4. Bd3 Nc6 5. b3 cxd4 6. exd4 Bg4 7. Bb2 e6 8. O-O Bd6 9. Nbd2 O-O 10. a3 a6 11. Qe1 b5 12. Ne5 Qb6 13. Nxg4 Nxg4 14.
Nf3 h6 15. h3 Nf6 16. Ne5 Nxd4 17. Rd1 Nc6 18. Nxc6 Qxc6 19. Bxf6 gxf6 20. Qe3 Kg7 21. Qf3 f5 22. g4 f4 23. g5 hxg5 24. Qh5 Kf6 25.
Qh6+ Ke7 26. Qxg5+ f6 27. Qh6 Rf7 28. Bg6 Rg8 29.
Kh1 Rfg7 30. Bh5 d4+ 31. f3 Qxc2 32. Bg4 Rh7 33. Rc1 Rxh6 34. Rxc2 f5 35. Kg2 fxg4 36. fxg4 e5 37. Rc6 e4 38. Rxa6 f3+ 0-1

[Event "GrandPrix_29.05"]
[Site "Chess.com"]
[Date "2020.05.29"]
[Round "8"]
[White "DrVelja"]
[Black "gliglu"]
[Result "1-0"]
[WhiteElo "2212"]
[BlackElo "2244"]
[TimeControl "600+2"]
[EndTime "12:57:01 PDT"]
[Termination "DrVelja won by checkmate"]

1. e4 c5 2. Nf3 Nc6 3. d4 cxd4 4. Nxd4 g6 5. c4 Bg7 6. Be3 Nf6 7. Nc3 O-O 8. Be2 d6 9. O-O Bd7 10. Nc2 Rc8 11.
Qd2 Qa5 12. f4 Ng4 13. Bxg4 Bxg4 14. f5 Ne5 15. Qf2 Nxc4 16. Nd5 Qd8 17. h3 Bh5 18. g4 Nxb2 19. gxh5 Nd3 20. Qh4 Rxc2 21. Nxe7+ Kh8 22. hxg6 fxg6 23. fxg6 h6 24. Bxh6 Rxf1+ 25. Rxf1 Qxe7 26.
Bxg7+ Kxg7 27. Qh7# 1-0

[Event "GrandPrix_29.05"]
[Site "Chess.com"]
[Date "2020.05.29"]
[Round "8"]
[White "Karinaa87"]
[Black "larrylarsen"]
[Result "1-0"]
[WhiteElo "1859"]
[BlackElo "1154"]
[TimeControl "600+2"]
[EndTime "12:57:01 PDT"]
[Termination "Karinaa87 won on time"]

1. e4 c5 2. Nf3 e6 3. d3 Nc6 4.
g3 Nf6 5. Bg2 Be7 6. O-O e5 7.
Nc3 O-O 8. Bg5 h6 9. Bxf6 Bxf6 10. Nd5 d6 11. c3 Be6 12. Re1 g6 13. Nxf6+ Qxf6 14. Nd2 Kg7 15. Rf1 Qe7 16. Nc4 Rae8 17. Ne3 Qd7 18.
f4 exf4 19. Rxf4 f5 20. d4 cxd4 21. cxd4 Ne7 22. d5 Bg8 23. exf5 Nxf5 24. Nxf5+ gxf5 25. Qd4+ Re5 26. Raf1 Kh7 27. g4 Qg7 28. gxf5 Rf6 29.
Kh1 b6 30. Rg4 Qf7 31. Qd3 Qe7 32. Qg3 Bxd5 33. Bxd5 Rxd5 34. Rg1 Rf7 35. f6 Qxf6 36. Rf4 1-0

[Event "GrandPrix_29.05"]
[Site "Chess.com"]
[Date "2020.05.29"]
[Round "8"]
[White "ZoranRunic1"]
[Black "francyIM"]
[Result "0-1"]
[WhiteElo "2387"]
[BlackElo "2610"]
[TimeControl "600+2"]
[EndTime "12:57:05 PDT"]
[Termination "francyIM won by resignation"]

1. e4 e5 2. Nc3 Nf6 3. Bc4 Nxe4 4. Qh5 Nd6 5. Qxe5+ Qe7 6. Qxe7+ Bxe7 7. Bb3 c6 8. d4 Nf5 9. d5 Nd4 10. Be3 Nxb3 11.
axb3 Na6 12. Nge2 O-O 13. O-O-O d6 14. Bf4 Rd8 15. h4 Nb4 16. f3 h6 17. Ng3 a6 18.
Rd4 c5 19. Re4 Bf6 20. Nh5 Bxc3 21. bxc3 Nxd5 22. c4 Nb4 23. Bd2 a5 24. Kb2 Bf5 25.
Rf4 Bg6 26. Nxg7 Kxg7 27. h5 Bxc2 28. Rg4+ Kh7 29. Bxb4 axb4 30. Kxc2 Ra2+ 31. Kd3 Rb2 32. Re1 Rxb3+ 33. Kc2 Rc3+ 34. Kb2 Rg8 35. Re7 Rxg4 36.
fxg4 Rxc4 37. Rxf7+ Kg8 38. Rxb7 Rxg4 39. Rd7 Rxg2+ 40.
Kb3 Rd2 0-1

[Event "GrandPrix_29.05"]
[Site "Chess.com"]
[Date "2020.05.29"]
[Round "8"]
[White "Korona_91"]
[Black "friesnielsen2302"]
[Result "1-0"]
[WhiteElo "2107"]
[BlackElo "1844"]
[TimeControl "600+2"]
[EndTime "12:57:06 PDT"]
[Termination "Korona_91 won by resignation"]

1. e4 c6 2. d4 d6 3. Nc3 d5 4. Nf3 dxe4 5. Nxe4 Bg4 6. Bc4 e6 7.
c3 Nf6 8. Ng3 Nbd7 9. h3 Bxf3 10. Qxf3 Bd6 11. O-O O-O 12. Bb3 Qc7 13. Bc2 c5 14.
dxc5 Bxc5 15. Bf4 Bd6 16. Bxd6 Qxd6 17. Rad1 Qc7 18. Rd4 Ne5 19. Qe2 Ng6 20. h4 Nf4 21. Qf3 e5 22. Rdd1 Rad8 23. h5 h6 24. Ne4 N4xh5 25.
g4 Nxe4 26. gxh5 Nf6 27. Qf5 Rde8 28. Kh1 e4 29. f4 e3 30. Rg1 Qc6+ 31. Kh2 e2 32. Rde1 Kh8 33. Rg2 Qf3 34. Bd3 Qxf4+ 35. Qxf4 1-0

[Event "GrandPrix_29.05"]
[Site "Chess.com"]
[Date "2020.05.29"]
[Round "8"]
[White "LANCELOT96"]
[Black "Haykos"]
[Result "0-1"]
[WhiteElo "2069"]
[BlackElo "2192"]
[TimeControl "600+2"]
[EndTime "12:57:09 PDT"]
[Termination "Haykos won by resignation"]

1. d4 d5 2. c4 dxc4 3. Nc3 a6 4. e4 b5 5. a4 b4 6. Na2 Bb7 7. f3 e5 8. dxe5 Qxd1+ 9. Kxd1 Nc6 10. Bf4 Nge7 11. Bxc4 Ng6 12. Be3 Ncxe5 13. Bb3 c5 14. Rc1 Rd8+ 15. Ke2 a5 16. Bc2 Ba6+ 17. Kf2 c4 18.
Bb1 c3 19. b3 Nd3+ 20. Bxd3 Rxd3 21. Ne2 Rxe3 22. Kxe3 Bc5+ 23. Nd4 Ke7 24. Nxc3 bxc3 25. Rxc3 Bb6 26. Rc6 Rb8 27. Kd2 Bxd4 28. Rxa6 Rxb3 29. Rxa5 Ne5 30. Rd5 Nc4+ 31. Kc2 Rc3+ 32. Kb1 Bf6 33.
f4 Rb3+ 34. Kc1 Ra3 35. Rhd1 Kf8 36. R1d3 Rxa4 37. e5 Be7 38. Rb3 g6 39. Rb8+ Kg7 40. Rb7 Ra1+ 41. Rb1 Ra2 42. Rd7 Ba3+ 43. Kd1 Ne3+ 44.
Ke1 Nxg2+ 45. Kf1 Ne3+ 46. Kg1 Rg2+ 47. Kh1 Rf2 48. e6 Rxf4 49. e7 Re4 50. Rb3 Bxe7 51. Rbb7 Nf5 52. Rxe7 Rxe7 53. Rc7 Rxc7 0-1

[Event "GrandPrix_29.05"]
[Site "Chess.com"]
[Date "2020.05.29"]
[Round "8"]
[White "IriBu"]
[Black "nikosgal"]
[Result "1-0"]
[WhiteElo "2418"]
[BlackElo "2383"]
[TimeControl "600+2"]
[EndTime "12:57:17 PDT"]
[Termination "IriBu won by resignation"]

1. e4 c5 2. Nf3 d6 3. d4 cxd4 4.
Nxd4 Nf6 5. Nc3 a6 6. h3 e6 7. Be3 b5 8. a3 Bb7 9. f3 Nbd7 10.
g4 Nb6 11. Qd2 Nfd7 12. O-O-O Be7 13. f4 Rc8 14. Kb1 Nc5 15. Bd3 Nc4 16. Qe1 Nxe3 17.
Qxe3 Qb6 18. g5 b4 19. axb4 Qxb4 20. f5 e5 21. Nb3 Nxb3 22. cxb3 Qxb3 23. Bc2 Qb4 24. f6 gxf6 25. gxf6 Bxf6 26. Rhf1 Bd8 27. Ba4+ Bc6 28. Qf3 Rf8 29. Qf5 Bxa4 30. Qxc8 Bd7 31. Qxa6 Bxh3 32. Rf3 Bg4 33. Rfd3 Qb6 34. Qa4+ Bd7 35.
Qa3 f5 36. Rxd6 1-0

[Event "GrandPrix_29.05"]
[Site "Chess.com"]
[Date "2020.05.29"]
[Round "8"]
[White "GMStefanova"]
[Black "bernereremit"]
[Result "1-0"]
[WhiteElo "2319"]
[BlackElo "2140"]
[TimeControl "600+2"]
[EndTime "12:57:24 PDT"]
[Termination "GMStefanova won by resignation"]

1. Nf3 c5 2. g3 Nc6 3. Bg2 g6 4. c3 Bg7 5. d4 cxd4 6. cxd4 d5 7.
Nc3 Nf6 8. Ne5 O-O 9. Nxc6 bxc6 10. O-O Bf5 11. Re1 Re8 12. Bf4 Qa5 13. Rc1 Nd7 14.
Na4 Rac8 15. a3 e5 16. dxe5 Nxe5 17. b4 Qa6 18. Qb3 Nc4 19. e4 Be6 20. Bf1 Bg4 21.
h3 Bf3 22. Nc5 Qxa3 23. Bxc4 Qxb3 24. Bxb3 dxe4 25. Nb7 Re7 26. Nd6 Rd8 27. Rxc6 h6 28. Nxf7 Rxf7 29. Rc7 Rf8 30. Bd6 1-0

[Event "GrandPrix_29.05"]
[Site "Chess.com"]
[Date "2020.05.29"]
[Round "8"]
[White "Alex_Molchanov"]
[Black "monalize"]
[Result "0-1"]
[WhiteElo "2016"]
[BlackElo "2023"]
[TimeControl "600+2"]
[EndTime "12:57:36 PDT"]
[Termination "monalize won by resignation"]

1. e4 c5 2. Nf3 d6 3. d4 cxd4 4. Qxd4 a6 5. Be2 Nc6 6. Qe3 g6 7. O-O Bg7 8. c4 Nf6 9. Nc3 O-O 10. h3 Nd7 11. b3 Nc5 12. Bb2 f5 13. exf5 gxf5 14. Rad1 Bd7 15. Qc1 Rc8 16. Nd5 e5 17. Qg5 Qxg5 18. Nxg5 h6 19. Nf3 Be6 20. Ba3 Kh7 21.
Rfe1 Ne4 22. Nd2 Nc5 23. Bb2 Bxd5 24. cxd5 Nb4 25. a3 Nbd3 26. Nc4 Nxe1 27. Nxd6 Nc2 28. Nxc8 Rxc8 29. Bd3 Nxd3 30. Rxd3 e4 0-1

[Event "GrandPrix_29.05"]
[Site "Chess.com"]
[Date "2020.05.29"]
[Round "8"]
[White "A_N_D-R_E_I"]
[Black "Iljin_Timofey"]
[Result "0-1"]
[WhiteElo "2068"]
[BlackElo "2262"]
[TimeControl "600+2"]
[EndTime "12:57:47 PDT"]
[Termination "Iljin_Timofey won by checkmate"]

1. e4 c5 2. Nf3 Nc6 3. Bb5 e6 4. Bxc6 bxc6 5. d3 Ne7 6. Nh4 d5 7. Qe2 Ng6 8. Nxg6 hxg6 9. h3 Bd6 10. c4 dxc4 11. dxc4 Be5 12. Nd2 Bd4 13. Rb1 e5 14.
Nf3 Bg4 15. O-O Qh4 16. b3 Qh5 17. Rd1 O-O-O 18. Be3 Bxf3 19. Qxf3 Qxf3 20. gxf3 Rxh3 21. Kg2 Rdh8 22. Rh1 Rxh1 23. Rxh1 Rxh1 24. Kxh1 Bxe3 25.
fxe3 f5 26. Kg2 fxe4 27. fxe4 Kd7 28. Kg3 Ke6 29. Kg4 Kf6 30. Kh4 g5+ 31. Kh5 a6 32. a3 a5 33. a4 g4 34. Kxg4 Kg6 35. Kh4 Kh6 36. Kg4 g6 37. Kh4 g5+ 38. Kg4 Kg6 39. Kg3 Kh5 40. Kh3 g4+ 41. Kg3 Kg5 42.
Kg2 Kh4 43. Kh2 g3+ 44. Kg2 Kg4 45. Kg1 Kf3 46. Kf1 g2+ 47. Kg1 Kg3 48. b4 axb4 49.
a5 b3 50. a6 b2 51. a7 b1=Q# 0-1

[Event "GrandPrix_29.05"]
[Site "Chess.com"]
[Date "2020.05.29"]
[Round "8"]
[White "LorisinoC"]
[Black "Natalya_Buksa"]
[Result "1/2-1/2"]
[WhiteElo "2021"]
[BlackElo "2085"]
[TimeControl "600+2"]
[EndTime "12:57:48 PDT"]
[Termination "Game drawn by agreement"]

1. e4 c5 2. Nf3 Nc6 3. Bb5 g6 4. Bxc6 bxc6 5. d4 Bg7 6. dxc5 Qa5+ 7. Nbd2 Ba6 8. a3 Qxc5 9. c4 Bxc4 10. Qc2 d5 11. e5 Qb5 12. Nxc4 dxc4 13. O-O Nh6 14.
Bxh6 Bxh6 15. e6 f6 16. Rad1 O-O 17. Rd7 Rfe8 18. Nd4 Qa6 19. Qe4 Rac8 20. Rd1 Qb6 21. Nf3 Qxb2 22. Qxc4 Qxa3 23. Nd4 c5 24. Nb5 Qb4 25.
Qxb4 cxb4 26. Nc7 Rxc7 27. Rxc7 Rb8 28. Rxe7 b3 29. Rxa7 b2 30. Rb1 Rc8 31. Rf1 Rb8 32. Rb1 1/2-1/2

[Event "GrandPrix_29.05"]
[Site "Chess.com"]
[Date "2020.05.29"]
[Round "8"]
[White "Micki-taryan"]
[Black "Armen_Barseghyan"]
[Result "1-0"]
[WhiteElo "2524"]
[BlackElo "2352"]
[TimeControl "600+2"]
[EndTime "12:57:51 PDT"]
[Termination "Micki-taryan won by resignation"]

1. d4 Nf6 2. Nf3 g6 3. Nc3 d5 4. Bf4 Bg7 5. Nb5 Na6 6. e3 O-O 7. Be2 c6 8. Nc3 Nc7 9. h4 Bg4 10. Ne5 Bxe2 11. Qxe2 Ne6 12. g4 c5 13. dxc5 d4 14.
O-O-O Qa5 15. Rxd4 Nxd4 16. exd4 Rad8 17. Be3 Nd5 18. Nxd5 Rxd5 19. Qc4 e6 20. f4 Rc8 21. a3 b6 22. Bd2 Rcxc5 23. Bxa5 Rxc4 24. Nxc4 bxa5 25. c3 a4 26. Kc2 h5 27. Ne3 Rb5 28. g5 Bf8 29.
Nc4 Be7 30. Kd3 Bd8 31. Rh2 Bc7 32. Ke4 Kf8 33. Rf2 Ke7 34. Ne5 a6 35. Nc6+ Kd7 36. Nb4 a5 37. Nd3 Ke7 38. Nc5 f6 39. gxf6+ Kxf6 40. Nxa4 Kf7 41. Nc5 Bd8 42. Rh2 Be7 43.
Nd3 a4 44. Ne5+ Kg7 45. Nf3 Bf6 46. Re2 Kf7 47. Ng5+ Bxg5 48. fxg5 Rf5 49. Ke3 Ke7 50. Rf2 Rb5 51. Kd3 Kd6 52. Kc2 Rf5 53. Rxf5 exf5 54. b3 axb3+ 55. Kxb3 Kd5 56. Kc2 Ke4 57. a4 f4 58. a5 Ke3 59. a6 f3 60. a7 f2 61.
a8=Q f1=Q 62. Qe8+ 1-0

[Event "GrandPrix_29.05"]
[Site "Chess.com"]
[Date "2020.05.29"]
[Round "8"]
[White "N4700000"]
[Black "abraham1982"]
[Result "1-0"]
[WhiteElo "2364"]
[BlackElo "2169"]
[TimeControl "600+2"]
[EndTime "12:57:57 PDT"]
[Termination "N4700000 won by resignation"]

1. e4 c5 2. Nf3 e6 3. c4 Nc6 4.
Nc3 Nd4 5. Be2 Ne7 6. O-O Nec6 7. d3 Be7 8. Nxd4 cxd4 9. Nb1 O-O 10. f4 d5 11. cxd5 exd5 12. e5 f6 13. exf6 Bxf6 14.
Nd2 Bf5 15. Nf3 Rc8 16. a3 Re8 17. Re1 a5 18. Bf1 Rxe1 19. Qxe1 Qb6 20. h3 h5 21.
Ng5 a4 22. Qh4 Bg6 23. f5 Be8 24. Bf4 Ne7 25. Re1 Qxb2 26. g4 Qb5 27. Qg3 Qd7 28. Ne6 Bf7 29. Qf2 Ng6 30. Bg3 h4 31. Bh2 Nf8 32.
g5 Be7 33. Nxf8 Bxf8 34. g6 Be8 35. Qxh4 1-0

[Event "GrandPrix_29.05"]
[Site "Chess.com"]
[Date "2020.05.29"]
[Round "8"]
[White "vagpat"]
[Black "PresidenteMNE"]
[Result "1-0"]
[WhiteElo "2217"]
[BlackElo "2275"]
[TimeControl "600+2"]
[EndTime "12:58:19 PDT"]
[Termination "vagpat won by resignation"]

1. e4 d5 2. exd5 Nf6 3. d4 Bg4 4. Be2 Bxe2 5. Qxe2 Qxd5 6. Nf3 e6 7. O-O c6 8. c4 Qh5 9. Bf4 Nbd7 10. Nc3 Be7 11.
Rad1 O-O 12. d5 Qf5 13. dxc6 Qxf4 14. cxd7 Rfd8 15. Ne5 h5 16. h3 h4 17. Rfe1 Bc5 18.
a3 a5 19. Nb5 Ra6 20. b3 Kf8 21. Nd3 Qg5 22. b4 axb4 23. axb4 Be7 24. c5 Rxd7 25. Ne5 Rxd1 26. Rxd1 g6 27. Nc7 Ra3 28. Re1 Rxh3 29. Nxf7 Kxf7 30. Qxe6+ Kg7 31. Qxh3 Kh6 32.
Ne6 Qd2 33. Qxh4+ Nh5 34. Qe4 Qb2 35. Qd4 Qxd4 36. Nxd4 Bf6 37. Ne6 Bc3 38. Rc1 Bxb4 39. Rb1 Be1 40. Rxe1 Nf6 1-0

[Event "GrandPrix_29.05"]
[Site "Chess.com"]
[Date "2020.05.29"]
[Round "8"]
[White "SipkeErnst"]
[Black "AsadliVugar"]
[Result "0-1"]
[WhiteElo "2154"]
[BlackElo "2436"]
[TimeControl "600+2"]
[EndTime "12:58:22 PDT"]
[Termination "AsadliVugar won by resignation"]

1. d4 Nf6 2. c4 e6 3. g3 d5 4. Nf3 Bb4+ 5. Bd2 Be7 6. Bg2 c6 7. O-O O-O 8. Qc2 b6 9. Rd1 Bb7 10. b3 Nbd7 11. Bc3 Ne4 12. Bb2 Rc8 13. Nc3 f5 14. e3 Qe8 15. a4 a5 16. Ba3 Bb4 17. Ne2 c5 18. Bxb4 axb4 19. a5 cxd4 20. Nfxd4 dxc4 21. bxc4 Bd5 22. Qb2 Bxc4 23. a6 Ndf6 24. a7 Nd5 25.
a8=Q Rxa8 26. Rxa8 Qxa8 27. Nxe6 Rf7 28. N2f4 h6 29. Qe5 Nxf4 30. gxf4 Re7 31. Bxe4 fxe4 32. f5 b3 33. Qd6 Qe8 34. Qxb6 Rxe6 35. fxe6 Qg6+ 36. Kh1 Be2 37. Qb8+ Kh7 38. Qg3 Bf3+ 0-1

[Event "GrandPrix_29.05"]
[Site "Chess.com"]
[Date "2020.05.29"]
[Round "8"]
[White "Aliakbarov_Anar"]
[Black "Forking_U"]
[Result "1-0"]
[WhiteElo "2174"]
[BlackElo "2169"]
[TimeControl "600+2"]
[EndTime "12:58:32 PDT"]
[Termination "Aliakbarov_Anar won by resignation"]

1. d4 d5 2. c4 c6 3. Nc3 Nf6 4. e3 e6 5. Nf3 Nbd7 6. Qc2 Bd6 7.
g4 h6 8. Rg1 e5 9. cxd5 cxd5 10. dxe5 Nxe5 11. Nxe5 Bxe5 12. Bb5+ Bd7 13. Bxd7+ Qxd7 14.
h3 Rc8 15. Bd2 O-O 16. O-O-O Ne4 17. Be1 Nxc3 18. Bxc3 b5 19. Qb3 Bxc3 20. bxc3 Rc4 21. Kb2 a5 22. Rd4 Rfc8 23. Rgd1 Qc7 24. Rxc4 dxc4 25. Qc2 b4 26. Qf5 bxc3+ 27. Kxc3 Qb7 28. Qxa5 Qe7 29. Rd4 Qf6 30. f4 Re8 31. Kd2 Qc6 32.
Qd5 c3+ 33. Kc2 Qa6 34. Qc4 Qb7 35. Qxc3 Rc8 36. Rc4 Qe4+ 37. Rxe4 1-0

[Event "GrandPrix_29.05"]
[Site "Chess.com"]
[Date "2020.05.29"]
[Round "8"]
[White "TheFireChess"]
[Black "Semen_Khanin"]
[Result "1-0"]
[WhiteElo "2245"]
[BlackElo "2307"]
[TimeControl "600+2"]
[EndTime "12:58:37 PDT"]
[Termination "TheFireChess won by resignation"]

1. e4 e5 2. Nf3 Nc6 3. Bc4 Bc5 4. c3 Nf6 5. d3 d6 6. Nbd2 a6 7. b4 Ba7 8. Bb3 h6 9. h3 Ne7 10. Nf1 Ng6 11. Ng3 Be6 12. Be3 Bxe3 13. fxe3 d5 14. O-O dxe4 15. dxe4 Qxd1 16. Rfxd1 Nd7 17. Nf5 Bxf5 18.
exf5 Ne7 19. Bxf7+ Kxf7 20. Rxd7 Kf6 21. Rad1 Nxf5 22. Rxc7 Rhd8 23. Rxd8 Rxd8 24. Kf2 Nd6 25. Ke2 Nb5 26. Rc5 Rd5 27. Rc8 Nd6 28. Rf8+ Ke7 29. Rg8 Kf7 30. Rb8 b5 31. Nd2 e4 32. Ra8 Rd3 33. Nxe4 Rd5 34. Ra7+ Kf8 35. Nxd6 Rxd6 36. Rc7 h5 37. c4 bxc4 38. Rxc4 Ke7 39. a4 Rg6 40. g4 Rg5 41. Kf3 Rd5 42. Rc7+ Kf8 43. Ke4 Rd1 44. gxh5 Rb1 45. Rb7 Rh1 46. b5 axb5 47.
Rxb5 Rxh3 48. a5 Ke7 49. Rg5 Kf6 50. Rb5 Rh4+ 51. Kd3 Ra4 52. e4 Ra1 53. Rf5+ Ke6 54. Rg5 Ra3+ 55. Kd4 Ra4+ 56. Ke3 Kf6 57. Rg6+ Ke5 58.
Rg5+ Kf6 59. Rf5+ Ke6 60. Rb5 Ra1 61. Kd4 Ra4+ 62. Kc5 Rxe4 63. a6 Kf6 64. a7 Re5+ 65. Kb6 Re6+ 66. Ka5 Re1 67. Ka6 Re8 68. Rb8 Re1 69.
a8=Q Ra1+ 70. Kb6 Rxa8 71. Rxa8 Kg5 72. Ra5+ 1-0